Map: Pillars of Gold LE

Players

sOs

  • Race: Protoss Protoss
  • Spawn Location: 1:00

Dream - Winner!

  • Race: Terran Terran
  • Spawn Location: 7:00

Event: IEM Katowice 2021

VOD

Have the link to the VOD?

Description

Time

  • Played on: Feb. 21, 2021, 9:01 a.m.
  • Length: 14:57

All games in this series

Show
View Real Time Build Order
Export as new Build Order

sOs Protoss 

Build Orders: 1 Gate Expand, Oracle Opening 

Get SALT Encoding   

  12  0:00  Probe  
  13  0:12  Probe  
  14  0:18  Pylon  
  14  0:24  Probe (Chrono Boost)  
  15  0:37  Probe (Chrono Boost)  
  15  0:39  Gateway  
  16  0:43  Probe (Chrono Boost)  
  16  0:47  Assimilator  
  17  0:52  Probe  
  18  1:04  Probe  
  19  1:16  Probe  
  20  1:26  Cybernetics Core  
  22  1:36  Nexus  
  22  1:38  Probe  
  21  1:45  Pylon  
  21  1:50  Probe  
  22  1:56  Assimilator  
  22  2:00  Adept (Chrono Boost)  
  22  2:02  Probe  
  25  2:09  Pylon  
  25  2:15  Probe  
  26  2:20  Adept (Chrono Boost)  
  26  2:28  Probe  
  29  2:33  Stargate  
  29  2:42  Probe  
  30  2:44  Adept  
  30  2:46  Warp Gate  
  30  2:49  Probe (Chrono Boost)  
  33  2:57  Probe (Chrono Boost)  
  34  3:01  Probe (Chrono Boost)  
  35  3:09  Probe (Chrono Boost)  
  35  3:11  Probe (Chrono Boost)  
  37  3:14  Oracle (Chrono Boost)  
  37  3:18  Probe  
  41  3:24  Probe  
  42  3:30  Probe  
  43  3:37  Probe  
  43  3:39  Gateway  
  43  3:41  Gateway  
  44  3:42  Probe  
  44  3:44  Oracle  
  48  3:55  Probe x2  
  50  3:57  Pylon  
  48  4:09  Probe x2  
  48  4:17  Assimilator x2  
  48  4:21  Probe x2 (Chrono Boost)  
  50  4:24  Pylon  
  52  4:33  Probe x2 (Chrono Boost)  
  52  4:39  Probe x2 (Chrono Boost)  
  52  4:42  Stalker x2, Sentry  
  60  4:51  Probe x2  
  62  4:55  Shield Battery  
  62  4:57  Pylon  
  62  4:59  Robotics Facility  
  62  5:05  Stalker x2  
  62  5:06  Stalker  
  68  5:11  Pylon  
  68  5:13  Forge  
  68  5:21  Twilight Council  
  68  5:22  Probe  
  69  5:29  Stalker x2  
  69  5:30  Zealot  
  75  5:45  Blink (Chrono Boost), Nexus  
  75  5:48  Protoss Ground Weapons Level 1, Robotics Bay, Observer (Chrono Boost)  
  76  5:51  Pylon  
  76  5:52  Zealot x3  
  82  6:03  Probe  
  82  6:04  Probe, Observer (Chrono Boost)  
  85  6:11  Shield Battery  
  85  6:15  Pylon  
  85  6:20  Probe x2  
  85  6:21  Observer  
  85  6:23  Pylon  
  87  6:32  Colossus (Chrono Boost)  
  84  6:38  Extended Thermal Lance, Shield Battery, Photon Cannon  
  90  6:41  Probe x2  
  92  6:52  Shield Battery  
  92  6:58  Probe x2  
  92  6:59  Probe  
  95  7:03  Photon Cannon  
  95  7:04  Zealot  
  95  7:06  Sentry  
  95  7:07  Zealot  
  101  7:12  Colossus (Chrono Boost)  
  101  7:13  Probe  
  108  7:16  Gateway  
  108  7:17  Gateway  
  108  7:23  Probe  
  108  7:26  Pylon  
  109  7:31  Zealot x3  
  114  7:52  Colossus, Pylon, Charge  
  114  7:56  Cybernetics Core  
  120  7:59  Pylon  
  120  8:02  Pylon  
  120  8:03  Protoss Ground Weapons Level 2 (Chrono Boost)  
  120  8:10  Zealot x2  
  120  8:12  Gateway  
  124  8:15  Gateway  
  124  8:20  Pylon  
  124  8:21  Pylon  
  124  8:24  Pylon, Zealot x2  
  124  8:26  Observer  
  128  8:30  Probe  
  128  8:33  Forge  
  127  8:38  Assimilator  
  127  8:39  Pylon  
  127  8:40  Assimilator, Templar Archives  
  127  8:42  Gateway  
  127  8:50  Colossus  
  127  8:51  Zealot x3  
  127  8:52  Zealot  
  141  9:02  Gateway  
  141  9:18  High Templar x4  
  141  9:19  Zealot x2  
  141  9:22  Archon x2  
  153  9:24  Nexus  
  153  9:26  Pylon  
  153  9:42  Zealot, High Templar x2  
  153  9:43  Warp Prism  
  161  9:46  Archon  
  159  9:54  Photon Cannon  
  159  9:55  Shield Battery  
  159  9:59  High Templar x2  
  163  10:00  Zealot x3  
  163  10:03  Archon  
  163  10:06  Protoss Ground Armor Level 1 (Chrono Boost)  
  167  10:12  Zealot  
  167  10:18  Stalker x2  
  171  10:28  Pylon  
  171  10:30  Protoss Ground Weapons Level 3 (Chrono Boost)  
  171  10:31  Pylon  
  171  10:32  Colossus  
  171  10:37  Gateway  
  171  10:38  Gateway  
  177  10:45  Zealot x4  
  177  10:46  Zealot  
  187  10:53  Zealot x3  
  193  11:07  Stalker, High Templar x2  
  193  11:11  Archon  
  199  11:15  Robotics Facility  
  199  11:25  Pylon  
  193  11:45  Zealot x7  
  185  12:01  Zealot x3  
  189  12:15  Zealot x6  
  183  12:19  Stalker  
  181  12:26  Stalker x2, Probe  
  181  12:28  Observer  
  181  12:29  Nexus  
  175  12:31  High Templar  
  175  12:33  Probe  
  162  12:38  Stalker x2  
  162  12:40  Probe x3  
  162  12:41  Observer (Chrono Boost)  
  165  12:44  Photon Cannon, High Templar  
  165  12:45  High Templar x3  
  165  12:46  High Templar  
  165  12:51  Archon x3  
  175  12:52  Probe  
  164  13:01  Probe x3  
  164  13:03  Zealot  
  164  13:04  Zealot x3, Probe  
  171  13:13  Probe x3  
  171  13:17  Probe  
  167  13:23  Zealot  
  167  13:25  Probe  
  167  13:27  High Templar  
  167  13:28  High Templar x5  
  167  13:29  Probe  
  167  13:32  Zealot x2  
  184  13:34  Archon x2  
  184  13:35  Archon  
  171  13:55  Zealot, Probe  
  170  13:58  High Templar x2  
  170  13:59  Zealot  
  176  14:06  Archon  
  176  14:10  Zealot x5  
  184  14:25  Probe  
  184  14:26  Zealot  
  184  14:27  Zealot x2  
  176  14:34  Zealot x5  
  126  14:42  Zealot x2  
Show
View Real Time Build Order
Export as new Build Order

Dream Terran - Winner!

Build Orders:  

Get SALT Encoding   

  12  0:00  SCV  
  13  0:12  SCV  
  14  0:17  Supply Depot  
  14  0:24  SCV  
  15  0:39  SCV  
  15  0:40  Barracks  
  16  0:46  Refinery  
  16  0:51  SCV  
  17  1:03  SCV  
  18  1:15  SCV  
  19  1:27  Marine, Orbital Command  
  20  1:44  Command Center  
  20  1:47  Barracks Reactor  
  20  1:53  SCV  
  21  2:01  Supply Depot  
  21  2:05  SCV  
  22  2:13  Barracks  
  22  2:17  SCV  
  23  2:22  Barracks  
  23  2:25  Marine  
  23  2:28  Marine  
  26  2:30  SCV  
  26  2:42  SCV  
  26  2:43  Marine  
  28  2:46  Marine  
  29  2:54  SCV  
  30  3:00  Marine  
  30  3:01  Orbital Command, Barracks Tech Lab  
  30  3:04  Marine  
  32  3:06  SCV  
  32  3:11  Barracks Tech Lab  
  33  3:18  SCV, Marine  
  33  3:19  Marine  
  35  3:20  Stimpack  
  35  3:21  Marine  
  35  3:26  SCV  
  38  3:29  Marine, Combat Shield  
  38  3:30  SCV  
  40  3:34  Supply Depot  
  40  3:36  Marine  
  40  3:38  Marine  
  40  3:39  Marine  
  43  3:41  SCV  
  43  3:43  SCV  
  43  3:47  Marine  
  46  3:55  Marine  
  46  3:56  Marine  
  46  3:57  Marine  
  46  3:58  SCV x2  
  47  4:04  Marine  
  47  4:10  SCV x2  
  47  4:13  Marine, Engineering Bay  
  47  4:14  Marine  
  47  4:15  Marine  
  50  4:22  SCV x2, Marine, Refinery  
  53  4:27  Supply Depot  
  53  4:31  Marine  
  53  4:34  SCV  
  53  4:36  Marine  
  53  4:37  Marine  
  54  4:40  Marine  
  54  4:42  Terran Infantry Weapons Level 1  
  54  4:44  Missile Turret  
  54  4:49  SCV x2  
  54  4:51  Missile Turret  
  56  4:57  Factory, Marine  
  56  4:58  Marine  
  57  5:01  SCV x2  
  60  5:13  SCV x2  
  62  5:14  Supply Depot  
  60  5:23  Supply Depot  
  60  5:25  SCV x2, Concussive Shells, Refinery  
  62  5:36  Marauder x2  
  62  5:37  SCV x2  
  65  5:45  Marine x2  
  65  5:49  SCV x2  
  69  5:52  Starport, Factory Reactor  
  69  5:54  Supply Depot  
  69  5:59  Refinery  
  69  6:01  Marauder x2, SCV x2  
  75  6:05  Marine x2  
  77  6:11  Supply Depot  
  77  6:14  SCV  
  77  6:16  SCV  
  79  6:24  Marauder x2  
  83  6:27  Marine x2  
  83  6:35  SCV x2  
  83  6:38  Command Center  
  83  6:39  Medivac x2  
  89  6:40  Factory Tech Lab  
  89  6:42  Terran Infantry Armor Level 1  
  89  6:43  Supply Depot  
  89  6:48  SCV x2  
  89  6:50  Supply Depot  
  91  6:59  Siege Tank  
  94  7:04  SCV x2, Supply Depot  
  96  7:09  Medivac x2  
  96  7:10  Supply Depot, Marine  
  96  7:11  Marine  
  102  7:17  SCV  
  102  7:18  SCV  
  102  7:21  Supply Depot  
  104  7:25  Barracks  
  104  7:26  Marauder, Barracks  
  104  7:29  Marauder  
  108  7:30  Marine  
  108  7:33  Marine  
  108  7:36  SCV x2  
  112  7:39  Siege Tank  
  115  7:45  Supply Depot  
  115  7:48  Medivac  
  117  7:56  Marine x2  
  114  8:01  SCV x2  
  114  8:02  Orbital Command  
  114  8:04  Medivac  
  114  8:08  Marauder  
  114  8:09  Marauder  
  114  8:12  Engineering Bay  
  118  8:13  Armory  
  118  8:16  Barracks Reactor, Barracks Tech Lab  
  118  8:17  SCV  
  118  8:19  Orbital Command  
  119  8:23  Marine x2  
  121  8:30  SCV x2  
  121  8:32  Missile Turret  
  123  8:38  Viking x2  
  127  8:42  SCV x2  
  127  8:44  SCV, Refinery  
  127  8:46  Refinery  
  130  8:54  SCV x2  
  132  8:58  SCV  
  132  9:00  Marine  
  132  9:01  Marine x3  
  132  9:02  Terran Infantry Armor Level 2, Terran Infantry Weapons Level 2, Factory Reactor  
  137  9:06  SCV  
  137  9:09  SCV  
  139  9:10  SCV  
  140  9:19  SCV  
  140  9:21  SCV  
  140  9:23  Ghost Academy  
  142  9:24  Command Center, Marine x3  
  142  9:25  Supply Depot, Marine  
  142  9:28  Missile Turret  
  146  9:31  SCV x2  
  146  9:36  Supply Depot x2  
  146  9:41  Widow Mine x2  
  146  9:43  Viking x2  
  154  9:53  Ghost  
  154  9:54  Ghost x2  
  154  9:55  Enhanced Shockwaves  
  154  9:58  Marine x3  
  161  10:17  Marine x4  
  169  10:21  Widow Mine x2  
  169  10:22  Ghost x2  
  169  10:23  Supply Depot  
  169  10:26  Supply Depot, Terran Ship Weapons Level 1  
  172  10:34  Barracks, Missile Turret  
  172  10:35  Medivac, Barracks  
  174  10:36  Barracks  
  174  10:39  Medivac  
  174  10:46  Marine x4  
  174  10:49  Widow Mine x2  
  182  10:59  Planetary Fortress  
  182  11:03  Refinery  
  182  11:04  Refinery  
  182  11:08  Marine x3  
  182  11:09  Marine  
  182  11:11  Widow Mine x2  
  190  11:13  Medivac x2  
  190  11:17  Sensor Tower  
  194  11:23  Barracks Reactor, Barracks Tech Lab  
  192  11:34  Ghost x3, Sensor Tower  
  194  11:43  Marine  
  194  11:46  Widow Mine  
  194  11:47  Widow Mine  
  183  11:54  Ghost  
  183  11:55  Marauder, Marine x2  
  183  11:58  Marine  
  162  12:02  Marine, Ghost  
  162  12:03  Marauder, Marine  
  162  12:06  Marine x2  
  155  12:10  SCV x2  
  155  12:13  Marine x2  
  155  12:14  Orbital Command  
  151  12:16  Marine  
  151  12:17  Marauder  
  151  12:21  Marine  
  151  12:22  Marine  
  153  12:23  SCV  
  153  12:24  SCV x2, Marauder x2  
  153  12:29  Marine x2  
  161  12:32  Marauder  
  161  12:35  SCV  
  161  12:36  SCV  
  163  12:37  Marine  
  163  12:38  Marauder  
  166  12:45  Marauder  
  166  12:51  Viking x2  
  163  12:59  Marauder x2  
  163  13:00  Marauder x2, Marine  
  163  13:01  Marine  
  160  13:20  Marauder, Marine x5, Ghost  
  160  13:21  Marauder x2  
  173  13:27  Viking  
  171  13:36  Viking  
  171  13:38  Marine, Ghost  
  172  13:41  Marauder  
  172  13:43  Marine x2  
  172  13:44  Marine  
  172  13:46  Marine, Ghost  
  178  13:58  Marine, Viking  
  181  14:06  Viking  
  180  14:12  Sensor Tower  
  180  14:16  Marine x2  
  180  14:17  Marauder x2, Marine x2  
  188  14:28  Marine  
  188  14:29  Marine  
  188  14:30  Marine  
  188  14:31  Marauder  
  182  14:34  Marine  
  182  14:36  Marine  

Tags
 
Add a new tag
Caveats
  • Supply blocks, unpowered buildings, or Contaminate may cause inaccurate times.
  • Supply counts are checked every 10 seconds.